 Dungeon Crawl Stone Soup version 0.28-b1-1-g3c77fb2ed1 (webtiles) character file.

Game seed: 10246690426077924713

42 markar the Chucker (level 3, 0/37 HPs)
             Began as an Ogre Hunter on Jan 31, 2022.
             Slain by an adder (2 damage)
             ... on level 2 of the Dungeon.
             The game lasted 00:05:04 (1713 turns).

markar the Chucker (Ogre Hunter)                    Turns: 1713, Time: 00:05:04

Health: 0/37       AC:  3    Str: 15 (16) XL:     3   Next: 56%
Magic:  3/3        EV: 10    Int: 10 (12) God:
Gold:   44         SH:  0    Dex: 10 (11) Spells: 2/2 levels left

rFire   . . .      SeeInvis .   a - +0 short sword
rCold   . . .      Faith    .   (no shield)
rNeg    . . .      Spirit   .   b - +0 robe
rPois   .          Reflect  .   (helmet restricted)
rElec   .          Harm     .   (no cloak)
rCorr   .          Rampage  .   (gloves unavailable)
Will    .....                   (boots unavailable)
Stlth   +.........              (no amulet)
HPRegen 0.12/turn               (no ring)
MPRegen 0.08/turn               (no ring)

@: lethally poisoned (0 -> -7)
A: large, unfitting armour, tough skin 1
a: no special abilities


You were on level 2 of the Dungeon.
You visited 1 branch of the dungeon, and saw 2 of its levels.

You collected 44 gold pieces.

Inventory:

Hand Weapons
 a - a +0 short sword (weapon)
 f - a +0 hunting sling
Missiles
 c - a large rock (quivered)
 g - 62 stones
 k - 2 poisoned darts
Armour
 b - a +0 robe (worn)
Scrolls
 e - 2 scrolls of identify {unknown}
 i - a scroll of magic mapping {unknown}
 j - a scroll of fear {unknown}
Potions
 h - a potion of degeneration


   Skills:
 - Level 3.0 Fighting
 + Level 1.4 Short Blades
 - Level 4.4 Throwing
 - Level 2.2 Dodging
 - Level 0.6 Stealth


You had 2 spell levels left.
You didn't know any spells.
Your spell library contained the following spells:

 Spells                   Type           Power      Damage    Failure   Level
 Magic Dart               Conj           0%         1d3       36%         1
 Searing Ray              Conj           0%         2d4       50%         2
 Fulminant Prism          Conj/Hex       0%         3d6       98%         4


Dungeon Overview and Level Annotations

Branches:
Dungeon (2/15)

Altars:

Annotations:
D:2 Jessica


Innate Abilities, Weirdness & Mutations

You are too large for most types of armour.
You have tough skin. (AC +1)


Message History

The adder poisons you!
Jessica gestures wildly while chanting.
Jessica blinks!
The adder bites you.
It was a potion of degeneration.
There was something very wrong with that liquid.
You feel weakened.
You feel dopey.
You feel clumsy.
You feel sick. The adder barely misses you.
Throw: throwing net
Press: ? - help, Q - select action, (/) - cycle Shift-Dir - straight line, f/p - adder
Aim: an adder (severely wounded, 40% to hit)
You throw a throwing net.
The throwing net closely misses the adder.
You feel sick. The adder barely misses you.
Throw: 4 large rocks
Press: ? - help, Q - select action, (/) - cycle Shift-Dir - straight line, f/p - adder
Aim: an adder (severely wounded, 40% to hit)
You throw a large rock.
The large rock hits the adder but does no damage.
The adder is severely wounded.
You feel sick. The adder closely misses you. x2
Throw: 3 large rocks
Press: ? - help, Q - select action, (/) - cycle Shift-Dir - straight line, f/p - adder
Aim: an adder (severely wounded, 40% to hit)
You throw a large rock.
The large rock completely misses the adder.
The large rock closely misses Jessica.
You feel sick. The adder bites you.
* * * LOW HITPOINT WARNING * * *
The adder bites you.
* * * LOW HITPOINT WARNING * * *
Throw: 2 large rocks
Press: ? - help, Q - select action, (/) - cycle Shift-Dir - straight line, f/p - adder
Aim: an adder (severely wounded, 40% to hit)
You throw a large rock. The large rock barely misses the adder.
The large rock completely misses Jessica.
You feel sick. The adder closely misses you. The adder bites you.
* * * LOW HITPOINT WARNING * * *
You are lethally poisoned!
The adder poisons you! The adder bites you.
You die...

#. #. ###.
... .( #§
#(♣#♣#♣#♣##
#(@S@.....#
##♣#♣#♣.♣.#
#......#
##.#.###
####....#
+.......# #
####....# #
##.#.#
####.#


You could see an adder and Jessica.

Vanquished Creatures
  2 dart slugs (D:1)
  3 endoplasms (D:1)
  A giant cockroach (D:2)
  2 goblins (D:1)
  5 hobgoblins (D:1)
  4 kobolds (D:1)
  2 quokkas (D:1)
  2 ball pythons (D:1)
  4 bats (D:1)
  6 frilled lizards
  3 rats (D:1)
34 creatures vanquished.

Notes
Turn   | Place    | Note
-------+----------+-------------------------------------------
     0 | D:1      | markar the Ogre Hunter began the quest for the Orb.
     0 | D:1      | Reached XP level 1. HP: 22/22 MP: 1/1
   143 | D:1      | Found a faded altar of an unknown god.
   156 | D:1      | Reached XP level 2. HP: 17/29 MP: 2/2
   191 | D:1      | HP: 1/29 [bat (1)]
   678 | D:1      | Reached XP level 3. HP: 16/36 MP: 3/3
  1073 | D:1      | Reached skill level 1 in Short Blades
  1697 | D:2      | Noticed Jessica
  1713 | D:2      | Slain by an adder

Illustrated notes

Levels and vault maps discovered:
D:1:      wander_arrival_desolate, layout_rooms, serial_corexii_hall,
          chequers_hall_statues_y, corexii_hall_statues_x,
          hellmonk_ecumenical_altar_blasted, minmay_three_crescents
D:2:      layout_loops_corners, serial_forest, infiniplex_forest_lined_2,
          infiniplex_forest_straight_2, infiniplex_forest_zigzag_2,
          infiniplex_forest_zigzag_1, infiniplex_forest_end_1,
          infiniplex_forest_clump_diagonal, infiniplex_forest_lined_room_,
          infiniplex_forest_clump_tiny, minmay_small_reverse_x, uniq_jessica

Skill      XL: |  1  2  3 |
---------------+----------+-----
Dodging        | 2 |  2.2
Short Blades   | 1 |  1.4
Fighting       | 3 |  3.0
Throwing       | |  4.4
Stealth        | |  0.6

Action                   || total
-------------------------++-------
Melee: Short sword       ||   184
Throw: Large rock        ||     6
       Throwing net      ||     2
  Use: Potion            ||     1
 Stab: Sleeping          ||     1
Armor: Robe              ||    90
Dodge: Dodged            ||   134
